 Dungeon Crawl Stone Soup version 0.28.0-53-g5a82cb258f (webtiles) character file.

Game seed: 1425380215011756494

6953 MiltankisOP the Fighter (level 11, -9/90 HPs)
             Began as a Djinni Conjurer on June 20, 2022.
             Was a Believer of Ashenzari.
             Shot with a sling bullet by Joseph (17 damage)
             ... on level 10 of the Dungeon.
             The game lasted 00:42:06 (13514 turns).

MiltankisOP the Fighter (Djinni Conjurer)          Turns: 13514, Time: 00:42:06

Health: -9/90      AC:  8    Str:  6    XL:     11   Next: 28%
Gold:   456        EV: 12    Int: 24    God:    Ashenzari [**....] SH:  0 Dex: 12

rFire   + + +      SeeInvis +   A - +4 scimitar (flame)
rCold   x . .      Faith    .   (no shield)
rNeg    . . .      Spirit   .   D - +1 robe {Will+}
rPois   ∞          Reflect  .   (no helmet)
rElec   .          Harm     .   (no cloak)
rCorr   .          Rampage  .   u - +0 pair of gloves of Ashenzari's Planets {Range, Fort} (curse)
Will    ++...                   (boots unavailable)
Stlth   ++........              (no amulet)
HPRegen 0.25/turn               i - ring of Ashenzari's Suspicion {AC+4, Fort, Evo} (curse)
MPRegen 0.00/turn               j - ring of the Ruined Soothsayer {rF+, Self, Fort} (curse)

@: flying
A: sickness immunity, fire resistance 2, cold vulnerability 1, float, innate
caster, HP casting, extra vitality 1
a: Renounce Religion, Curse Item, Shatter the Chains


You were on level 10 of the Dungeon.
You worshipped Ashenzari.
Ashenzari was pleased with you.
You visited 2 branches of the dungeon, and saw 11 of its levels.

You collected 456 gold pieces.

Inventory:

Hand Weapons
 A - a +4 scimitar of flaming (weapon)
Missiles
 n - 6 boomerangs of dispersal
Armour
 u - the cursed +0 pair of gloves of Ashenzari's Planets (worn) {Range, Fort}
   (You found it on level 6 of the Dungeon)

   It has a curse which improves the following skills: Ranged Combat: Slings,
   Bows, Crossbows and Throwing.
   Fortitude: Armour and Shields.
 D - a +1 robe of willpower (worn)
Magical Staves
 l - a staff of death
Jewellery
 a - a +4 ring of slaying
 i - the cursed ring of Ashenzari's Suspicion (left hand) {AC+4, Fort, Evo}
   (You found it on level 3 of the Dungeon)

   [ring of protection]

   AC:        It affects your AC (+4).
   It has a curse which improves the following skills: Fortitude: Armour and
   Shields.
   Evocations: Evocations.
 j - the cursed ring of the Ruined Soothsayer (right hand) {rF+, Self, Fort}
   (You found it on level 3 of the Dungeon)

   [ring of protection from fire]

   rF:        It protects you from fire.
   It has a curse which improves the following skills: Introspection: Fighting
   and Spellcasting.
   Fortitude: Armour and Shields.
 C - a ring of willpower
Wands
 q - a wand of polymorph (11)
 v - a wand of paralysis (6)
 w - a wand of charming (7)
Scrolls
 b - 5 scrolls of teleportation
 d - 2 scrolls of noise
 e - a scroll of immolation
 f - 2 scrolls of blinking
 h - 8 scrolls of identify
 k - 3 scrolls of amnesia
 m - 2 scrolls of fog
 p - a scroll of summoning
 y - a scroll of magic mapping
 E - a scroll of enchant weapon
Potions
 c - a potion of lignification
 g - 2 potions of attraction
 o - 3 potions of mutation
 r - 3 potions of might
 s - a potion of curing
 t - a potion of ambrosia
 x - a potion of haste
 z - a potion of heal wounds
 B - a potion of invisibility


   Skills:
 + Level 11.4(12.6) Fighting
 - Level 2.1 Dodging
 - Level 1.5 Stealth
 - Level 10.0(11.2) Spellcasting


You had 6 spell levels left.
You knew the following spells:

 Your Spells              Type           Power      Damage    Failure   Level
a - Magic Dart            Conj           100%       1d8       1%          1
b - Searing Ray           Conj           100%       2d8       1%          2
c - Dazzling Flash        Conj/Hex       100%       N/A       1%          3
d - Fulminant Prism       Conj/Hex       30%        3d16      1%          4
e - Iskenderun's Mystic   Conj/Tloc      61%        2d13      1%          4
f - Beastly Appendage     Tmut           100%       N/A       1%          1
g - Static Discharge      Conj/Air       61%        N/A       1%          2
h - Blink                 Tloc           100%       N/A       1%          2
i - Ozocubu's Armour      Ice            61%        N/A       1%          3
j - Cause Fear            Hex            30%        N/A       1%          4
Your spell library was empty.

Dungeon Overview and Level Annotations

Branches:
Dungeon (10/15)            Temple (1/1) D:4            Lair (0/6) D:9
    Orc: D:9-12

Altars:
Ashenzari
Cheibriados
Dithmenos
Elyvilon
Fedhas
Gozag
Hepliaklqana
Kikubaaqudgha
Makhleb
Nemelex Xobeh
Okawaru
Qazlal
Ru
Sif Muna
Trog
Uskayaw
Vehumet
Wu Jian
Xom
Yredelemnul
Zin
The Shining One

Shops:
D:2 (:(   D:4 *

Annotations:
D:3 2 transporters, Selrock's ghost, amateur OpTm
D:5 1 runed translucent door, Starlo's ghost, amateur MiFi
D:10 Joseph


Innate Abilities, Weirdness & Mutations

You are immune to sickness and miasma.
You are immune to poison.
Your flesh is very heat resistant. (rF++)
You are vulnerable to cold. (rC-)
You float through the air rather than walking.
You learn spells naturally, not from books.
Your magical power is your life essence.
You have superior vitality. (+4 MHP)


Message History

Casting: Fulminant Prism (safe; 1% risk of failure)
Confirm with . or Enter, or press ? or * to list all spells.
Aiming: Fulminant Prism (safe; 1% risk of failure)
Press: ? - help, Dir - move target, f - you
Okay, then.
Casting: Fulminant Prism (safe; 1% risk of failure)
Confirm with . or Enter, or press ? or * to list all spells.
Aiming: Fulminant Prism (safe; 1% risk of failure)
Press: ? - help, Dir - move target You conjure a prism of explosive energy!
A fulminant prism comes into view.
Joseph shoots a sling bullet.
The sling bullet hits you!
* * * LOW HITPOINT WARNING * * *
x2 You hear a loud crackle.
You hear an explosion!
You hear a shout!
Casting: Fulminant Prism (safe; 1% risk of failure)
Confirm with . or Enter, or press ? or * to list all spells.
Aiming: Fulminant Prism (safe; 1% risk of failure)
Press: ? - help, Dir - move target You conjure a prism of explosive energy!
* * * LOW HITPOINT WARNING * * *
A fulminant prism comes into view.
Your fulminant prism crackles loudly.
Your fulminant prism explodes!
Casting: Fulminant Prism (safe; 1% risk of failure)
Confirm with . or Enter, or press ? or * to list all spells.
Aiming: Fulminant Prism (safe; 1% risk of failure)
Press: ? - help, Dir - move target You conjure a prism of explosive energy!
* * * LOW HITPOINT WARNING * * *
A fulminant prism comes into view.
Casting: Fulminant Prism (safe; 1% risk of failure)
Confirm with . or Enter, or press ? or * to list all spells.
You erupt in a blast of force!
The mystic blast hits Joseph.
Joseph is almost dead.
Joseph is knocked back by the mystic blast.
* * * LOW HITPOINT WARNING * * *
You hear a shout!
Joseph shoots a sling bullet.
The sling bullet hits you!
You die...

######################
#..#........#.......#.
,,
#..#........#.......#. ,
#..#.@..*#..#.......## *
#..#..#.@#............
,*
#.....#.(#............ ,
,,#.....#..#..##########
#.....#.*#..#.....#... *
..#######..####.....#...
,
........).....#.....#...
.........@)...#.....#...
..............#.....#...


You could see Joseph (resistant, ally target) and a friendly fulminant prism.

Vanquished Creatures
  Erica (D:8)
  A two-headed ogre (D:9)
  A troll (D:6)
  Prince Ribbit (D:6)
  A shadow (D:7)
  Eustachio (D:5)
  7 yaks
  A steam dragon (D:8)
  A vampire mosquito (D:10)
  A water moccasin (D:9)
  A black bear (D:4)
  2 ice beasts
  2 sky beasts
  An ogre (D:4)
  2 necrophages
  2 centaurs (D:10)
  A phantom (D:6)
  Blork the orc (D:5)
  2 kobold brigands
  3 gnoll sergeants
  2 bullfrogs
  4 scorpions
  A water moccasin zombie (D:5)
  4 killer bees (D:10)
  13 wights
  6 howler monkeys
  A centaur zombie (D:9)
  A bullfrog zombie (D:6)
  3 hounds
  8 orc priests
  A centaur skeleton (D:6)
  An iguana (D:4)
  8 orc wizards
  A hound zombie (D:5)
  2 hound skeletons (D:4)
  A howler monkey zombie (D:10)
  14 gnolls
  5 adders
  A shadow imp (D:6)
  An ufetubus (D:5)
  A worm (D:2)
  2 adder skeletons (D:4)
  A dart slug (D:4)
  29 orcs
  5 ball pythons
  A bat (D:3)
  2 endoplasms
  2 goblins
  4 hobgoblins
  2 jackals (D:1)
  5 quokkas
  2 frilled lizards
  13 kobolds
  2 rats (D:1)
  A fulminant prism (D:8)
183 creatures vanquished.

Vanquished Creatures (others)
  A hornet (D:8)
  96 fulminant prisms
97 creatures vanquished.

Grand Total: 280 creatures vanquished

Notes
Turn   | Place    | Note
-------+----------+-------------------------------------------
     0 | D:1      | MiltankisOP the Djinni Conjurer began the quest for the
                  | Orb.
     0 | D:1      | Reached XP level 1. HP: 15/15 MP: 0/0
   160 | D:1      | Found a faded altar of an unknown god.
   261 | D:1      | Reached XP level 2. HP: 14/21 MP: 0/0
  1113 | D:2      | Found Sogoewn's Book Shoppe.
  1134 | D:2      | Reached XP level 3. HP: 22/25 MP: 0/0
  1134 | D:2      | Learned a level 1 spell: Beastly Appendage
  1594 | D:2      | Found Ufetaku's Weapon Shoppe.
  1681 | D:2      | Reached XP level 4. HP: 26/31 MP: 0/0
  2069 | D:2      | Found Logam's Antique Weapon Emporium.
  2164 | D:3      | Reached XP level 5. HP: 15/35 MP: 0/0
  2164 | D:3      | Learned a level 2 spell: Static Discharge
  2165 | D:3      | Noticed an orc warrior
  2772 | D:3      | Found a transporter.
  2807 | D:3      | Found a transporter.
  3053 | D:3      | Noticed Selrock's ghost (amateur OpTm)
  3634 | D:3      | Reached skill level 1 in Fighting
  3757 | D:4      | Noticed an ogre
  4047 | D:4      | Found Fiurch's Assorted Antiques.
  4058 | D:4      | Reached skill level 2 in Fighting
  4154 | D:4      | Found a staircase to the Ecumenical Temple.
  4161 | Temple   | Entered the Ecumenical Temple
  4199 | Temple   | Became a worshipper of Ashenzari the Shackled
  4848 | D:4      | Reached skill level 5 in Spellcasting
  4848 | D:4      | Reached XP level 6. HP: 34/43 MP: 0/0
  5147 | D:4      | Noticed a black bear
  5329 | D:4      | Killed an ogre
  5616 | D:4      | Reached XP level 7. HP: 31/49 MP: 0/0
  5616 | D:4      | Learned a level 2 spell: Blink
  6066 | D:5      | Entered Level 5 of the Dungeon
  6535 | D:5      | Noticed Blork the orc
  6538 | D:5      | Killed Blork the orc
  6609 | D:5      | Reached XP level 8. HP: 31/54 MP: 0/0
  7091 | D:5      | Noticed Eustachio
  7547 | D:5      | Found a runed translucent door.
  7547 | D:5      | Noticed Starlo's ghost (amateur MiFi)
  7843 | D:5      | Killed Eustachio
  7952 | D:6      | Reached XP level 9. HP: 54/58 MP: 0/0
  7952 | D:6      | Learned a level 3 spell: Ozocubu's Armour
  8262 | D:6      | Found a stormy altar of Qazlal.
  8303 | D:6      | Reached * piety under Ashenzari
  8680 | D:6      | Reached ** piety under Ashenzari
  8688 | D:6      | Noticed a troll
  8695 | D:6      | Noticed Prince Ribbit
  8695 | D:6      | Killed a troll
  8704 | D:6      | Killed Prince Ribbit
  9617 | D:7      | Reached skill level 10 in Spellcasting
  9646 | D:7      | Reached *** piety under Ashenzari
  9700 | D:7      | Reached skill level 3 in Fighting
 10325 | D:7      | Reached skill level 4 in Fighting
 10325 | D:7      | Reached XP level 10. HP: 68/72 MP: 0/0
 10916 | D:8      | Noticed Erica
 10920 | D:8      | Reached skill level 5 in Fighting
 10930 | D:8      | Killed Erica
 10931 | D:8      | Reached skill level 7 in Fighting
 10959 | D:8      | Reached skill level 8 in Fighting
 12216 | D:8      | Reached skill level 9 in Fighting
 12334 | D:9      | Noticed a two-headed ogre
 12342 | D:9      | Killed a two-headed ogre
 12343 | D:9      | Reached XP level 11. HP: 72/87 MP: 0/0
 12343 | D:9      | Learned a level 4 spell: Cause Fear
 12391 | D:9      | Reached skill level 10 in Fighting
 12543 | D:9      | Found a staircase to the Lair.
 13046 | D:10     | Entered Level 10 of the Dungeon
 13483 | D:10     | Reached skill level 11 in Fighting
 13496 | D:10     | Noticed Joseph
 13514 | D:10     | Shot with a sling bullet by Joseph

Illustrated notes

Levels and vault maps discovered:
D:1:      lightli_arrival_maybe_door_vault, layout_basic,
          ebering_ecumenical_altar_petrified, chequers_big_river
D:2:      layout_basic, serial_shops, nicolae_shop_bloodbath_and_beyond,
          nicolae_shop_behind_doors, nicolae_square_shop, kennysheep_nub
D:3:      layout_loops_corners, gammafunk_ghost_mausoleum, corner_web_ring,
          minmay_misc_feat_diagonals, minmay_misc_feat_room
D:4:      layout_basic, minmay_temple_entry_mist, serial_shops,
          nicolae_shop_temple_entry_statues_fountains
D:5:      layout_loops_corners, hellmonk_ghost_happy_afterlife,
          skrybe_limestone_x, uniq_eustachio, uniq_blork_the_orc
D:6:      layout_layer_cave, grunt_qazlal_clouds, uniq_prince_ribbit1
D:7:      layout_layer_cave
D:8:      layout_cave_pods, uniq_erica
D:9:      layout_gridville, lair_entry_dummy
D:10:     layout_grid_maze, serial_shops, shop, st_stairs_2, uniq_joseph,
          uniq_snorg
Temple:   nicolae_temple_the_god_donut

Skill      XL: |  1  2  3  4  5  6  7  8  9 10 11 |
---------------+----------------------------------+-----
Spellcasting   | 4 5 6 8 10 | 10.0
Fighting       | 2 4 9 11 | 11.4
Dodging        | |  2.1
Stealth        | |  1.5

Action                   |  1- 3 |  4- 6 |  7- 9 | 10-12 || total
-------------------------+-------+-------+-------+-------++-------
Melee: Scimitar          |       |       |       |     3 ||     3
 Cast: Magic Dart        |    38 |    73 |    27 |    41 ||   179
       Searing Ray       |     6 |    10 |    12 |     3 ||    31
       Dazzling Flash    |       |     1 |       |       ||     1
       Fulminant Prism   |       |     2 |    50 |    46 ||    98
       Iskenderun's Myst |       |     1 |    12 |     7 ||    20
Invok: Curse Item        |       |       |     4 |       ||     4
       Shatter the Chain |       |       |       |     1 ||     1
  Use: Scroll            |       |     3 |       |       ||     3
Armor: Robe              |     1 |     2 |     5 |    11 ||    19
Dodge: Dodged            |     2 |    11 |     4 |    11 ||    28
